 Dungeon Crawl Stone Soup version 0.23.2 (webtiles) character file.

Game seed: 2714716493742700138

35284 esteth the Thaumaturge (level 13, -3/104 HPs)
             Began as a Gnoll Wizard on Apr 8, 2019.
             Was an Elder of Ashenzari.
             Killed from afar by an oklob plant (11 damage)
             ... with a splash of acid
             ... on level 5 of the Lair of Beasts.
             The game lasted 00:52:30 (20930 turns).

esteth the Thaumaturge (Gnoll Wizard)              Turns: 20930, Time: 00:52:31

Health: -3/104     AC: 11    Str:  9    XL:     13   Next: 82%
Magic:  15/28      EV: 33    Int: 24    God:    Ashenzari [****..]
Gold:   251        SH:  8    Dex: 18    Spells: 16/34 levels left

rFire    . . .     SeeInvis +   c - +6 short sword of Heodd {pierce, Dex+2}
rCold    . . .     Gourm    .   h - +1 buckler (curse)
rNeg     . . .     Faith    .   k - quicksilver dragon scales (curse)
rPois    .         Spirit   .   v - +1 hat (curse)
rElec    .         Reflect  .   r - +0 cloak
rCorr    .         Harm     .   (no gloves)
MR       +....     Clarity  +   O - +2 pair of boots {run} (curse)
Stlth    ++++++....             R - amulet of the acrobat
HPRegen  0.27/turn              M - ring of stealth (curse)
MPRegen  0.21/turn              g - ring of stealth

@: corroded, acrobat, studying Fighting, quick
A: distributed training, fangs 1, strong nose
a: Curse Item, Scrying, Renounce Religion


You were on level 5 of the Lair of Beasts.
You worshipped Ashenzari.
Ashenzari was greatly pleased with you.
You were not hungry.

You visited 3 branches of the dungeon, and saw 17 of its levels.
You also visited: Bailey.

You collected 762 gold pieces.
You spent 511 gold pieces at shops.

Inventory:

Hand Weapons
 c - the +6 short sword of Heodd (weapon) {pierce, Dex+2}
   (You took it off an orc on level 4 of the Dungeon)

   It inflicts extra damage upon your enemies.
   It affects your dexterity (+2).
 f - a +0 whip
 o - a +0 war axe
 A - the cursed +3 hand axe "Haika" {chop, -Tele rElec Str+5}
   (You found it on level 5 of the Dungeon)

   It inflicts extra damage upon your enemies.
   It affects your strength (+5).
   It insulates you from electricity.
   It prevents most forms of teleportation.
   It has a curse placed upon it.
 B - the +9 bardiche of the Known World {chop, rN+}
   (You took it off an orc warrior in a bailey)

   It inflicts extra damage upon your enemies.
   It protects you from negative energy.
 D - the +8 spear of the Tooth {flame, Str+6 Stlth+}
   (You took it off a spriggan on level 2 of the Lair of Beasts)

   It has been specially enchanted to burn those struck by it, causing extra
   injury to most foes and up to half again as much damage against particularly
   susceptible opponents.
   It affects your strength (+6).
   It makes you more stealthy.
 E - the +2 dagger "Newtslayer" {pierce, rF+ rC+}
   (You found it on level 5 of the Dungeon)

   It inflicts extra damage upon your enemies.
   It protects you from fire.
   It protects you from cold.
Armour
 a - a +0 robe
 b - a +0 hat
 h - a cursed +1 buckler (worn)
 k - cursed quicksilver dragon scales (worn)
 n - a +0 leather armour
 r - a +0 cloak (worn)
 v - a cursed +1 hat (worn)
 O - a cursed +2 pair of boots of running (worn)
 P - a +1 hat
 S - a +2 buckler
 U - a +1 hat of magic resistance
Magical Staves
 J - a cursed staff of fire
Jewellery
 g - a ring of stealth (right hand)
 M - a cursed ring of stealth (left hand)
 R - an amulet of the acrobat (around neck)
Wands
 q - a wand of iceblast (17)
 G - a wand of enslavement (14)
 N - a wand of clouds (5)
 T - a wand of random effects (24)
Scrolls
 i - 3 scrolls of remove curse
 j - 2 scrolls of amnesia
 m - 2 scrolls of magic mapping
 s - 9 scrolls of identify
 t - 4 scrolls of enchant weapon {unknown}
 w - 3 scrolls of noise {unknown}
 x - a scroll of acquirement {unknown}
 y - a scroll of brand weapon {unknown}
 F - a scroll of fog
 H - 5 scrolls of teleportation
 X - a scroll of vulnerability {unknown}
Potions
 e - 3 potions of flight
 l - 2 potions of agility {unknown}
 u - 3 potions of might {unknown}
 z - 3 potions of lignification
 C - 8 potions of heal wounds {unknown}
 I - a potion of berserk rage {unknown}
 L - a potion of invisibility {unknown}
 V - 2 potions of resistance {unknown}
 W - a potion of brilliance {unknown}
Books
 K - a manual of Fighting
Miscellaneous
 p - a lamp of fire
 Q - a crystal ball of energy
 Z - a phantom mirror
Comestibles
 d - 22 rations
 Y - 11 chunks of flesh


   Skills:
 + Level 10.6 Fighting
 + Level 8.5 Short Blades
 + Level 8.5 Long Blades
 + Level 8.5 Axes
 + Level 8.5 Maces & Flails
 + Level 8.5 Polearms
 + Level 8.5 Staves
 + Level 8.5 Slings
 + Level 8.5 Bows
 + Level 8.5 Crossbows
 + Level 8.5 Throwing
 + Level 8.5(10.7) Armour
 + Level 9.7(11.8) Dodging
 + Level 9.5 Stealth
 + Level 8.5(10.7) Shields
 + Level 8.5 Unarmed Combat
 + Level 11.0 Spellcasting
 + Level 7.4 Conjurations
 + Level 7.0 Hexes
 + Level 7.0 Charms
 + Level 7.4 Summonings
 + Level 7.0 Necromancy
 + Level 7.4 Translocations
 + Level 7.0 Transmutations
 + Level 7.0 Fire Magic
 + Level 7.0 Ice Magic
 + Level 7.0 Air Magic
 + Level 7.0 Earth Magic
 + Level 7.0 Poison Magic
 + Level 9.3 Invocations
 + Level 8.5 Evocations


You had 16 spell levels left.
You knew the following spells:

 Your Spells              Type           Power        Failure   Level  Hunger
a - Magic Dart            Conj           ####         1%          1    None
b - Blink                 Tloc           N/A          1%          2    None
c - Call Imp              Summ           #####...     1%          2    None
d - Conjure Flame         Conj/Fire      #####...     1%          3    None
e - Mephitic Cloud        Conj/Pois/Air  #####...     1%          3    None
f - Confuse               Hex            #####...     1%          3    None
g - Sticky Flame          Conj/Fire      #####...     5%          4    None

Your spell library contained the following spells:

 Spells                   Type           Power        Failure   Level  Hunger
 Confusing Touch          Hex            #####.       1%          1    None
 Corona                   Hex            #####..      1%          1    None
 Flame Tongue             Conj/Fire      #####        1%          1    None
 Ensorcelled Hibernation  Hex/Ice        #####.       1%          2    None
 Slow                     Hex            #####...     1%          2    None
 Throw Flame              Conj/Fire      #####.       1%          2    None
 Dazzling Spray           Conj/Hex       #####.       1%          3    None
 Gell's Gravitas          Tloc           #####.....   1%          3    None
 Inner Flame              Hex/Fire       #####...     1%          3    None
 Tukima's Dance           Hex            #####...     1%          3    None
 Petrify                  Tmut/Erth      #####...     5%          4    None
 Fireball                 Conj/Fire      #####.....   14%         5    ####...
 Metabolic Englaciation   Hex/Ice        #####.....   16%         5    ####...
 Yara's Violent Unravell  Hex/Tmut       #####.....   16%         5    ####...


Dungeon Overview and Level Annotations

Branches:
Dungeon (11/15)            Temple (1/1) D:7            Lair (5/6) D:9
  Swamp (0/4) Lair:4       Spider (0/4) Lair:2          Orc (0/2) D:9
  Slime: Lair:5-6

Altars:
Ashenzari
Cheibriados
Dithmenos
Elyvilon
Fedhas
Gozag
Hepliaklqana
Kikubaaqudgha
Makhleb
Nemelex Xobeh
Okawaru
Qazlal
Ru
Sif Muna
Trog
Uskayaw
Vehumet
Wu Jian
Xom
Yredelemnul
Zin
The Shining One
Beogh

Shops:
D:4 %   D:5 [}?*   D:9 [(=}}

Annotations:
D:9 2 transporters, grocchini's ghost, novice GnSk
Lair:1 exclusion: downstairs
Lair:5 exclusion: 5 oklob plants


Innate Abilities, Weirdness & Mutations

Your experience applies equally to all skills.
You have very sharp teeth.
Your uncanny sense of smell can sniff out nearby items.


Message History

The oklob plant seems less confused.
The oklob plant spits acid at you. The splash of acid hits you!
The acid corrodes you!
You are splashed with acid!
* * * LOW HITPOINT WARNING * * *
Okay, then.
The oklob plant spits acid at you. The splash of acid misses you.
The oklob plant spits acid at you. The splash of acid misses you.
The oklob plant spits acid at you. You block the splash of acid.
The oklob plant spits acid at you. The splash of acid hits you.
* * * LOW HITPOINT WARNING * * *
You are splashed with acid!
* * * LOW HITPOINT WARNING * * *
There is an open door here.
The oklob plant spits acid at you. The splash of acid hits you!
You die...

###...............#
**
#...P..÷.........##
###...........##...#
*......##.##...###P.#
#...#....#########..#
# *#.###.....#
#P..##### ,. ##...##
##÷...#.. *** , ,
#...### ##...... , *
##.@..# #...... ,
######'###### #......
* , #P≈≈.....≈≈P#
#......
,#P≈.......≈P#
#...... **
,,#P≈.......≈P#
*#......
,,,#P≈.......≈P#
..#.... **,
#P≈.......≈P#
##...<..
#P≈≈.....≈≈P#* * ,...
* #####...##### ,, ,*
,..


You could see 2 oklob plants.

Vanquished Creatures
  Gastronok (Lair:3)
  Kirke (Lair:4)
  A catoblepas (Lair:4)
  2 hydras
  2 two-headed ogres
  A death yak (Lair:4)
  Urug (Lair:3)
  The ghost of Kairos the Covert, a novice SpAs of Uskayaw (Lair:2)
  An orc knight (Bailey)
  2 molten gargoyles (Lair:4)
  6 elephants (Lair:2)
  2 black mambas
  6 spiny frogs
  4 rime drakes
  5 komodo dragons
  2 polar bears
  A hornet (Lair:2)
  6 hippogriffs
  9 blink frogs (Lair:2)
  2 spriggans (Lair:2)
  44 yaks
  2 hogs (Lair:3)
  4 hungry ghosts
  Eustachio (D:5)
  A steam dragon (D:9)
  4 basilisks
  3 vampire mosquitoes (D:10)
  6 water moccasins
  5 black bears
  11 porcupines
  15 orc warriors
  2 phantoms
  A hornet zombie (D:8)
  2 sky beasts (D:6)
  4 ogres
  7 wolves
  6 centaurs
  6 crocodiles
  10 bullfrogs
  2 big kobolds
  5 scorpions
  14 killer bees
  5 lava snakes (Lair:4)
  3 electric eels (Lair:4)
  A bullfrog zombie (D:7)
  2 crimson imps
  3 hounds
  A jelly (D:7)
  A bullfrog skeleton (D:6)
  A gnoll shaman (D:9)
  2 centaur skeletons
  7 orc priests
  7 orc wizards
  4 iguanas
  5 worker ants
  A hound zombie (D:8)
  2 hound skeletons
  A howler monkey skeleton (D:10)
  A howler monkey zombie (D:6)
  12 adders
  7 gnolls
  2 shadow imps
  2 adder zombies (D:6)
  4 worms
  A dart slug (D:3)
  8 leopard geckos
  47 orcs
  7 bats
  3 giant cockroaches
  6 goblins
  12 hobgoblins
  16 jackals
  2 quokkas (D:4)
  2 ball pythons
  7 frilled lizards
  A jackal skeleton (D:6)
  11 kobolds
  2 quokka skeletons (D:5)
  2 quokka zombies
  3 rats
415 creatures vanquished.

Vanquished Creatures (collateral kills)
  Psyche (D:9)
  The ghost of Paps the Sneak, a novice OpFi of Gozag (D:4)
  A killer bee (D:9)
  An orc priest (D:4)
  An orc wizard (D:4)
  A gnoll (D:6)
  4 orcs
  2 kobolds (D:8)
12 creatures vanquished.

Vanquished Creatures (others)
  A human (Lair:4)
  A killer bee (D:9)
  A bullfrog zombie (D:9)
  A giant cockroach (D:3)
  8 fungi
  6 plants
18 creatures vanquished.

Grand Total: 445 creatures vanquished

Notes
Turn   | Place    | Note
-------+----------+-------------------------------------------
     0 | D:1      | esteth the Gnoll Wizard began the quest for the Orb.
     0 | D:1      | Reached XP level 1. HP: 13/13 MP: 8/8
   236 | D:1      | Reached XP level 2. HP: 19/19 MP: 8/10
   268 | D:1      | Learned a level 2 spell: Blink
   271 | D:1      | Learned a level 2 spell: Call Imp
   634 | D:1      | Reached XP level 3. HP: 25/25 MP: 8/11
   662 | D:1      | Learned a level 3 spell: Conjure Flame
   666 | D:1      | Learned a level 3 spell: Mephitic Cloud
  1045 | D:2      | Reached skill level 1 in Invocations
  1511 | D:2      | Reached skill level 1 in Fighting
  1511 | D:2      | Reached skill level 1 in Short Blades
  1511 | D:2      | Reached skill level 1 in Long Blades
  1511 | D:2      | Reached skill level 1 in Axes
  1511 | D:2      | Reached skill level 1 in Maces & Flails
  1511 | D:2      | Reached skill level 1 in Polearms
  1511 | D:2      | Reached skill level 1 in Staves
  1511 | D:2      | Reached skill level 1 in Slings
  1511 | D:2      | Reached skill level 1 in Bows
  1511 | D:2      | Reached skill level 1 in Crossbows
  1511 | D:2      | Reached skill level 1 in Throwing
  1511 | D:2      | Reached skill level 1 in Armour
  1511 | D:2      | Reached skill level 1 in Shields
  1511 | D:2      | Reached skill level 1 in Unarmed Combat
  1511 | D:2      | Reached skill level 1 in Evocations
  1511 | D:2      | Reached XP level 4. HP: 32/32 MP: 8/13
  2102 | D:2      | Reached skill level 1 in Hexes
  2102 | D:2      | Reached skill level 1 in Charms
  2102 | D:2      | Reached skill level 1 in Necromancy
  2102 | D:2      | Reached skill level 1 in Transmutations
  2102 | D:2      | Reached skill level 1 in Fire Magic
  2102 | D:2      | Reached skill level 1 in Ice Magic
  2102 | D:2      | Reached skill level 1 in Air Magic
  2102 | D:2      | Reached skill level 1 in Earth Magic
  2102 | D:2      | Reached skill level 1 in Poison Magic
  2613 | D:3      | Reached XP level 5. HP: 32/37 MP: 8/14
  2857 | D:3      | Found a snail-covered altar of Cheibriados.
  3419 | D:4      | Noticed an ogre
  3435 | D:4      | Killed an ogre
  3435 | D:4      | Reached XP level 6. HP: 37/44 MP: 14/16
  3572 | D:4      | Found a runed translucent gate.
  3572 | D:4      | Identified the +6 short sword of Heodd {pierce, Dex+2}
  3572 | D:4      | Identified the cursed +0 scale mail "Qasese Ikke" {*Drain
                  | +Inv Regen+ SInv}
  3573 | D:4      | Found a runed translucent gate.
  3576 | D:4      | Noticed Paps's ghost (novice OpFi)
  3592 | D:4      | Found a glowing golden altar of the Shining One.
  3609 | D:4      | Noticed a phantom
  3627 | D:4      | Killed a phantom
  3627 | D:4      | Reached skill level 5 in Dodging
  3732 | D:4      | Found a runed translucent gate.
  3744 | D:4      | Found a roughly hewn altar of Beogh.
  4165 | D:4      | Reached XP level 7. HP: 43/50 MP: 12/18
  4254 | D:4      | Killed Paps's ghost
  4602 | D:4      | Found Nahar's Food Shop.
  4672 | D:4      | Reached skill level 5 in Stealth
  4914 | D:5      | Entered Level 5 of the Dungeon
  5033 | D:5      | Got a jewelled hand axe
  5034 | D:5      | Identified the cursed +3 hand axe "Haika" {chop, -Tele
                  | rElec Str+5} (You found it on level 5 of the Dungeon)
  5050 | D:5      | Found a glowing golden altar of the Shining One.
  5163 | D:5      | Found Aruzid's Armour Boutique.
  5163 | D:5      | Found Desacui's Gadget Boutique.
  5167 | D:5      | Found Osucoic's Magic Scroll Boutique.
  5168 | D:5      | Found Ixaegumo's Assorted Antiques.
  5176 | D:5      | Got a brightly glowing dagger
  5177 | D:5      | Identified the +2 dagger "Newtslayer" {pierce, rF+ rC+}
                  | (You found it on level 5 of the Dungeon)
  5480 | D:5      | Reached XP level 8. HP: 57/57 MP: 19/19
  5674 | D:5      | Noticed Eustachio
  5681 | D:5      | Killed Eustachio
  6298 | D:6      | Found a sparkling altar of Nemelex Xobeh.
  6417 | D:6      | Reached skill level 8 in Spellcasting
  6771 | D:7      | Found a staircase to the Ecumenical Temple.
  6781 | Temple   | Entered the Ecumenical Temple
  6879 | Temple   | Became a worshipper of Ashenzari the Shackled
  6945 | D:7      | Reached XP level 9. HP: 59/65 MP: 21/21
  7394 | D:7      | Found an ancient bone altar of Kikubaaqudgha.
  7793 | D:8      | Noticed a two-headed ogre
  7809 | D:8      | Killed a two-headed ogre
  7860 | D:8      | Reached skill level 5 in Invocations
  7965 | D:8      | Reached XP level 10. HP: 42/73 MP: 9/22
  8275 | D:8      | Found an ornate altar of the Wu Jian Council.
  8282 | D:8      | Found a burning altar of Makhleb.
  8392 | D:8      | Found a flagged portal.
  8400 | Bailey   | Entered a bailey
  8418 | Bailey   | Reached skill level 5 in Fighting
  8418 | Bailey   | Reached skill level 5 in Short Blades
  8418 | Bailey   | Reached skill level 5 in Long Blades
  8418 | Bailey   | Reached skill level 5 in Axes
  8418 | Bailey   | Reached skill level 5 in Maces & Flails
  8418 | Bailey   | Reached skill level 5 in Polearms
  8418 | Bailey   | Reached skill level 5 in Staves
  8418 | Bailey   | Reached skill level 5 in Slings
  8418 | Bailey   | Reached skill level 5 in Bows
  8418 | Bailey   | Reached skill level 5 in Crossbows
  8418 | Bailey   | Reached skill level 5 in Throwing
  8418 | Bailey   | Reached skill level 5 in Armour
  8418 | Bailey   | Reached skill level 5 in Shields
  8418 | Bailey   | Reached skill level 5 in Unarmed Combat
  8418 | Bailey   | Reached skill level 5 in Evocations
  9045 | Bailey   | Reached * piety under Ashenzari
  9940 | Bailey   | Identified the +9 bardiche of the Known World {chop, rN+}
  9964 | Bailey   | Reached skill level 9 in Spellcasting
  9978 | Bailey   | Noticed an orc knight
 10154 | Bailey   | Found a roughly hewn altar of Beogh.
 10209 | Bailey   | Killed an orc knight
 10209 | Bailey   | Reached skill level 5 in Conjurations
 10209 | Bailey   | Reached skill level 5 in Summonings
 10209 | Bailey   | Reached skill level 5 in Translocations
 10443 | D:9      | Found Ijizotock's Antique Weapon Shoppe.
 10457 | D:9      | Found Byocwip's Armour Shoppe.
 10955 | D:9      | Found a transporter.
 10968 | D:9      | Found a bloodstained altar of Trog.
 10974 | D:9      | Found a transporter.
 10975 | D:9      | Noticed grocchini's ghost (novice GnSk)
 10975 | D:9      | Noticed a cyclops
 10978 | D:9      | Identified the cursed +1 dire flail "Sapomm" {antimagic,
                  | Int+3}
 10996 | D:9      | Noticed a moth of wrath
 11041 | D:9      | Found a staircase to the Lair.
 11093 | D:9      | Reached XP level 11. HP: 45/81 MP: 17/24
 11304 | D:9      | Found Ylesk's Gadget Shop.
 11311 | D:9      | Learned a level 3 spell: Confuse
 11393 | D:9      | Found Lokuimawk's Gadget Emporium.
 11414 | D:9      | Found a radiant altar of Vehumet.
 11519 | D:9      | Found a staircase to the Orcish Mines.
 11537 | D:9      | Found a roughly hewn altar of Beogh.
 11545 | D:9      | Noticed Psyche
 11575 | D:9      | Killed Psyche
 11871 | D:5      | Bought a +1 pair of boots of running for 511 gold pieces
 11967 | D:10     | Entered Level 10 of the Dungeon
 12216 | D:9      | Found Ohelakki's Jewellery Emporium.
 12240 | D:9      | Noticed a two-headed ogre
 12252 | D:9      | Killed a two-headed ogre
 12252 | D:9      | Reached skill level 5 in Hexes
 12252 | D:9      | Reached skill level 5 in Charms
 12252 | D:9      | Reached skill level 5 in Necromancy
 12252 | D:9      | Reached skill level 5 in Transmutations
 12252 | D:9      | Reached skill level 5 in Fire Magic
 12252 | D:9      | Reached skill level 5 in Ice Magic
 12252 | D:9      | Reached skill level 5 in Air Magic
 12252 | D:9      | Reached skill level 5 in Earth Magic
 12252 | D:9      | Reached skill level 5 in Poison Magic
 12948 | D:10     | Reached ** piety under Ashenzari
 13384 | D:11     | Noticed a purple ugly thing
 13449 | Lair:1   | Entered Level 1 of the Lair of Beasts
 14207 | Lair:1   | Noticed a five-headed hydra
 14220 | Lair:1   | Killed a five-headed hydra
 14220 | Lair:1   | Reached XP level 12. HP: 41/92 MP: 19/25
 14981 | Lair:1   | Reached skill level 10 in Spellcasting
 15488 | Lair:2   | Reached *** piety under Ashenzari
 15500 | Lair:2   | Learned a level 4 spell: Sticky Flame
 15518 | Lair:2   | Found a runed translucent door.
 15520 | Lair:2   | Noticed Kairos's ghost (novice SpAs)
 15925 | Lair:2   | Found a hole to the Spider Nest.
 16216 | Lair:2   | Killed Kairos's ghost
 16519 | Lair:2   | Identified the +8 spear of the Tooth {flame, Str+6 Stlth+}
 16519 | Lair:2   | Noticed a spriggan rider
 17159 | Lair:3   | Noticed Gastronok
 17222 | Lair:3   | Killed Gastronok
 17222 | Lair:3   | Reached XP level 13. HP: 95/101 MP: 15/27
 17519 | Lair:3   | Reached **** piety under Ashenzari
 17521 | Lair:3   | Noticed Urug
 17529 | Lair:3   | Killed Urug
 18616 | Lair:4   | Noticed Kirke
 18693 | Lair:4   | Noticed a sphinx
 18701 | Lair:4   | Killed Kirke
 18701 | Lair:4   | Reached skill level 10 in Fighting
 20540 | Lair:4   | Reached skill level 11 in Spellcasting
 20547 | Lair:4   | Found a staircase to the Swamp.
 20930 | Lair:5   | Killed from afar by an oklob plant

Skill      XL: |  1  2  3  4  5  6  7  8  9 10 11 12 13 |
---------------+----------------------------------------+-----
Conjurations   | 2 3 4 5 6 7 |  7.4
Summonings     | 2 3 4 5 6 7 |  7.4
Translocations | 2 3 4 5 6 7 |  7.4
Invocations    | 1 2 3 4 5 6 7 8 9 |  9.3
Fighting       | 1 2 3 4 6 7 9 10 | 10.6
Short Blades   | 1 2 3 4 5 6 7 8 |  8.5
Long Blades    | 1 2 3 4 5 6 7 8 |  8.5
Axes           | 1 2 3 4 5 6 7 8 |  8.5
Maces & Flails | 1 2 3 4 5 6 7 8 |  8.5
Polearms       | 1 2 3 4 5 6 7 8 |  8.5
Staves         | 1 2 3 4 5 6 7 8 |  8.5
Slings         | 1 2 3 4 5 6 7 8 |  8.5
Bows           | 1 2 3 4 5 6 7 8 |  8.5
Crossbows      | 1 2 3 4 5 6 7 8 |  8.5
Throwing       | 1 2 3 4 5 6 7 8 |  8.5
Armour         | 1 2 3 4 5 6 7 8 |  8.5
Shields        | 1 2 3 4 5 6 7 8 |  8.5
Unarmed Combat | 1 2 3 4 5 6 7 8 |  8.5
Evocations     | 1 2 3 4 5 6 7 8 |  8.5
Hexes          | 1 2 3 4 5 6 7 |  7.0
Charms         | 1 2 3 4 5 6 7 |  7.0
Necromancy     | 1 2 3 4 5 6 7 |  7.0
Transmutations | 1 2 3 4 5 6 7 |  7.0
Fire Magic     | 1 2 3 4 5 6 7 |  7.0
Ice Magic      | 1 2 3 4 5 6 7 |  7.0
Air Magic      | 1 2 3 4 5 6 7 |  7.0
Earth Magic    | 1 2 3 4 5 6 7 |  7.0
Poison Magic   | 1 2 3 4 5 6 7 |  7.0
Dodging        | 5 6 7 8 9 |  9.7
Stealth        | 5 6 7 8 9 |  9.5
Spellcasting   | 8 9 10 11 | 11.0

Action                   |  1- 3 |  4- 6 |  7- 9 | 10-12 | 13-15 || total
-------------------------+-------+-------+-------+-------+-------++-------
Melee: Whip              |    29 |    20 |       |       |       ||    49
       Bite              |     1 |    12 |    25 |    85 |    51 ||   174
       War axe           |       |    92 |       |       |       ||    92
       Short sword       |       |    10 |   291 |   662 |   251 ||  1214
       Dagger            |       |       |       |    18 |    61 ||    79
       Spear             |       |       |       |    68 |    26 ||    94
 Cast: Magic Dart        |    69 |    54 |     2 |   187 |    50 ||   362
       Mephitic Cloud    |     1 |     5 |     7 |    41 |    11 ||    65
       Call Imp          |       |     8 |    15 |    17 |    10 ||    50
       Blink             |       |       |     1 |       |       ||     1
       Confuse           |       |       |       |    40 |    29 ||    69
       Sticky Flame      |       |       |       |    11 |    10 ||    21
Invok: Curse Item        |       |       |     3 |     1 |       ||     4
Evoke: Wand              |       |       |       |     1 |       ||     1
  Use: Scroll            |     3 |     3 |     5 |     1 |     4 ||    16
       Potion            |       |     4 |       |     5 |     2 ||    11
 Stab: Confused          |     2 |     3 |     5 |    53 |    11 ||    74
       Sleeping          |       |     5 |    10 |    12 |     8 ||    35
       Distracted        |       |     1 |       |     2 |     1 ||     4
       Petrifying        |       |       |       |       |     2 ||     2
       Petrified         |       |       |       |       |     1 ||     1
  Eat: Chunk             |     2 |     7 |    13 |    29 |     8 ||    59
       Ration            |       |       |       |     2 |     1 ||     3
Armor: Robe              |     7 |     6 |       |       |       ||    13
       Leather armour    |       |    26 |       |       |       ||    26
       Quicksilver drago |       |     5 |   102 |   213 |    75 ||   395
Dodge: Dodged            |    20 |   122 |   180 |   446 |   176 ||   944
Block: Buckler           |     8 |    45 |   100 |   231 |   103 ||   487
